 Dungeon Crawl Stone Soup version 0.16.1-12-gf5c4a84 (webtiles) character file.

10300 RepoMan the Arsonist (level 11, -5/69 HPs)
             Began as a Mummy Fire Elementalist on Apr 9, 2015.
             Was an Initiate of Gozag.
             Slain by an orc warrior
             ... wielding a +0 dire flail
              (12 damage)
             ... on level 11 of the Dungeon.
             The game lasted 02:22:48 (16415 turns).

RepoMan the Arsonist (Mummy Fire Elementalist)     Turns: 16415, Time: 02:22:49

Health: -5/69      AC:  6    Str: 11    XL:     11   Next: 34%
Magic:  9/27       EV: 12    Int: 17    God:    Gozag
Gold:   1703       SH:  0    Dex: 12    Spells: 6 memorised, 8 levels left

rFire  x . .     SeeInvis +     D - +3 great sword
rCold  + . .     Clarity  .     a - +0 robe
rNeg   + + +     SustAb   .     (no shield)
rPois  ∞         Gourm    .     l - +1 helmet
rElec  .         Spirit   .     (no cloak)
rCorr  .         Warding  .     m - +0 pair of gloves
rMut   .         Stasis   .     u - +0 pair of boots
MR     +....                    (no amulet)
Stlth  ++........               v - ring of teleport control
                                c - ring of see invisible (curse)

@: somewhat resistant to hostile enchantments, unstealthy
A: no food or potions, fire vulnerability, restore body, cold resistance 1,
negative energy resistance 3, poison resistance, torment resistance, unbreathing
a: Potion Petition, Call Merchant, Bribe Branch, Renounce Religion, Evoke
Teleport Control


You were on level 11 of the Dungeon.
You worshipped Gozag.
Gozag was noncommittal.
You were not hungry.

You visited 2 branches of the dungeon, and saw 12 of its levels.

You collected 1853 gold pieces.
You paid 150 gold pieces to Gozag.

Inventory:

Hand weapons
 i - a +3 dagger
 z - a +0 blowgun
 B - a +1 dagger
 D - a +3 great sword (weapon)
 E - a +1 hand axe of electrocution
 P - a +2 rapier of freezing
Missiles
 e - 2 needles of slowing
 h - 4 needles of sleeping
 x - 8 needles of confusion
 C - a throwing net (quivered)
 M - 21 poisoned needles
Armour
 a - a +0 robe (worn)
 l - a +1 helmet (worn)
 m - a +0 pair of gloves (worn)
 u - a +0 pair of boots (worn)
 J - the cursed -3 ring mail of Strosoh {rC- MR+ rCorr Str-2 Dex+2, unknown}
   (You found it on level 9 of the Dungeon)

   It affects your strength (-2).
   It affects your dexterity (+2).
   It makes you vulnerable to cold.
   It affects your resistance to hostile enchantments.
   It protects you from acid and corrosion.
   It has a curse placed upon it.
 K - a +0 shield
 Q - a +0 helmet
Jewellery
 c - a cursed ring of see invisible (left hand)
 j - an uncursed amulet of stasis
 k - an uncursed ring of ice
 v - a ring of teleport control (right hand)
 w - an uncursed ring of teleportation
 G - an uncursed ring of ice
 N - an uncursed amulet of stasis
Magical devices
 n - a wand of magic darts (16)
 y - a wand of polymorph (0)
Scrolls
 d - 3 scrolls of amnesia {unknown}
 f - 3 scrolls of enchant weapon {unknown}
 g - 2 scrolls of teleportation
 o - a scroll of recharging {unknown}
 p - 6 scrolls of identify {unknown}
 q - 5 scrolls of remove curse
 r - a scroll of fog {unknown}
 s - 3 scrolls of magic mapping {unknown}
 t - 2 scrolls of noise {unknown}
 A - 2 scrolls of enchant armour
 F - a scroll of fear {unknown}
 H - a scroll of brand weapon {unknown}
 I - a scroll of vulnerability {unknown}
 L - a scroll of immolation {unknown}
Books
 b - a book of Flames

   Spells                             Type                      Level
   a - Flame Tongue                   Conjuration/Fire             1
   b - Throw Flame                    Conjuration/Fire             2
   c - Conjure Flame                  Conjuration/Fire             3
   d - Inner Flame                    Hexes/Fire                   3
   e - Sticky Flame                   Conjuration/Fire             4
   f - Fireball                       Conjuration/Fire             5
 O - a book of Alchemy

   Spells                             Type                      Level
   a - Sublimation of Blood           Necromancy                   2
   b - Alistair's Intoxication        Transmutation/Poison         4
   c - Condensation Shield            Ice                          4
   d - Petrify                        Transmutation/Earth          4
   e - Ignite Poison                  Fire/Transmutation           5
   f - Irradiate                      Conjuration/Transmutation    5


   Skills:
 - Level 0.6 Fighting
 - Level 1.5 Dodging
 - Level 1.5 Stealth
 + Level 8.3 Spellcasting
 + Level 7.7 Conjurations
 * Level 10.9 Fire Magic


You had 8 spell levels left.
You knew the following spells:

 Your Spells              Type           Power        Failure   Level  Hunger
a - Flame Tongue          Conj/Fire      #####        1%          1    N/A
b - Throw Flame           Conj/Fire      #####.       1%          2    N/A
c - Conjure Flame         Conj/Fire      #####...     1%          3    N/A
d - Sticky Flame          Conj/Fire      #####...     2%          4    N/A
e - Fireball              Conj/Fire      #####.....   10%         5    N/A
i - Inner Flame           Hex/Fire       ####....     3%          3    N/A

Dungeon Overview and Level Annotations

Branches:
Dungeon (11/15)            Temple (1/1) D:6            Lair (0/8) D:9
    Orc (0/4) D:10

Altars:
Ashenzari
Cheibriados
Dithmenos
Elyvilon
Fedhas
Gozag
Kikubaaqudgha
Makhleb
Nemelex Xobeh
Okawaru
Qazlal
Ru
Sif Muna
Trog
Vehumet
Xom
Yredelemnul
Zin
The Shining One


Innate Abilities, Weirdness & Mutations

You do not eat or drink.
Your flesh is vulnerable to fire.
Your flesh is cold resistant.
You are immune to negative energy.
Your system is resistant to poisons.
You are immune to unholy pain and torment.
You can survive without breathing.


Message History

The hound bites you. The hound completely misses you.
Casting: Flame Tongue
Confirm with . or Enter, or press ? or * to list all spells.
Aiming: Flame Tongue
Press: ? - help, Shift-Dir - straight line, f/p - hound
Aim: a hound (severely wounded)
The flame tongue hits the hound.
The hound is almost dead.
The orc warrior is no longer distracted by gold.
The hound bites you.
You slash the hound!
You kill the hound!
The orc warrior hits you with a scimitar!
The orc warrior hits you with a dire flail!!
An orc wizard comes into view. It is wielding an enchanted dagger.
The orc warrior hits you with a scimitar!!
* * * LOW HITPOINT WARNING * * *
The orc warrior hits you with a dire flail!
You die...
Your body crumbles into a pile of gold.

.# #.### .o.. ..)
###.####.#
##.####@oo......
#.......o......#
.........#.######
...######.# #. #


You could see 2 orc warriors, an orc wizard and an orc.

Vanquished Creatures
  2 hill giants (D:10)
  A gargoyle (D:10)
  2 trolls
  2 deep elf magi (D:10)
  15 yaks (D:10)
  A wolf (D:9)
  2 hungry ghosts
  Menkaure (D:7)
  5 orc warriors
  2 phantoms
  2 ogres
  3 black bears
  A wasp (D:10)
  5 sky beasts
  6 centaurs
  3 giant frogs (D:6)
  A big kobold (D:7)
  4 scorpions
  5 killer bees
  8 wights
  A wasp zombie (D:8)
  3 electric eels (D:9)
  A giant frog zombie (D:5)
  6 goliath beetles
  14 hounds
  4 crimson imps
  4 jellies
  A giant frog skeleton (D:5)
  14 worker ants
  2 centaur skeletons
  4 iguanas
  9 orc priests
  10 orc wizards
  A quasit (D:10)
  3 hound skeletons
  10 gnolls
  11 adders
  5 shadow imps
  A giant mite (D:5)
  3 worms
  An adder zombie (D:7)
  2 adder skeletons
  9 giant geckos
  2 oozes
  46 orcs
  3 ball pythons
  16 bats
  2 bat skeletons
  7 giant cockroaches
  16 hobgoblins
  10 jackals
  16 kobolds
  6 quokkas
  5 giant newts
  A giant spore (D:8)
  9 goblins
  A quokka skeleton (D:5)
  A quokka zombie (D:4)
  20 rats
  5 ballistomycetes (D:8)
356 creatures vanquished.

Notes
Turn   | Place    | Note
--------------------------------------------------------------
     0 | D:1      | RepoMan, the Mummy Fire Elementalist, began the quest for the Orb.
     0 | D:1      | Reached XP level 1. HP: 13/13 MP: 3/3
   372 | D:1      | Reached XP level 2. HP: 4/19 MP: 0/4
   611 | D:1      | Learned a level 2 spell: Throw Flame
   848 | D:1      | Reached skill level 3 in Fire Magic
  1365 | D:2      | Reached skill level 1 in Conjurations
  1365 | D:2      | Reached XP level 3. HP: 18/24 MP: 3/6
  1370 | D:2      | Learned a level 3 spell: Conjure Flame
  1781 | D:2      | Found a blossoming altar of Fedhas.
  1998 | D:2      | Reached XP level 4. HP: 20/30 MP: 0/8
  2997 | D:2      | Reached XP level 5. HP: 31/36 MP: 3/9
  3227 | D:3      | Found a radiant altar of Vehumet.
  3398 | D:3      | Reached skill level 4 in Fire Magic
  3671 | D:3      | Found a shadowy altar of Dithmenos.
  3681 | D:3      | Found a stormy altar of Qazlal.
  3681 | D:3      | Found a shimmering altar of Xom.
  3682 | D:3      | Found a radiant altar of Vehumet.
  3683 | D:3      | Found a snail-covered altar of Cheibriados.
  3684 | D:3      | Found a deep blue altar of Sif Muna.
  3685 | D:3      | Found a sparkling altar of Nemelex Xobeh.
  3686 | D:3      | Found a sacrificial altar of Ru.
  3687 | D:3      | Found a shattered altar of Ashenzari.
  4239 | D:4      | Reached XP level 6. HP: 39/42 MP: 5/12
  4384 | D:4      | Noticed an ogre
  4393 | D:4      | Killed an ogre
  4685 | D:4      | Learned a level 4 spell: Sticky Flame
  5289 | D:4      | HP: 1/42 [orc priest/divine providence (16)]
  5630 | D:4      | Reached XP level 7. HP: 40/47 MP: 9/15
  5730 | D:4      | Reached skill level 5 in Fire Magic
  6242 | D:5      | Entered Level 5 of the Dungeon
  6464 | D:5      | Found a glowing golden altar of the Shining One.
  6464 | D:5      | Found a white marble altar of Elyvilon.
  6464 | D:5      | Found a glowing silver altar of Zin.
  7991 | D:6      | Found a staircase to the Ecumenical Temple.
  8002 | Temple   | Entered the Ecumenical Temple
  8078 | Temple   | Became a worshipper of Gozag Ym Sagoz the Greedy
  8138 | D:6      | Reached skill level 6 in Fire Magic
  8149 | D:6      | Reached XP level 8. HP: 53/53 MP: 6/18
  9231 | D:6      | Learned a level 3 spell: Inner Flame
  9334 | D:6      | Reached skill level 5 in Spellcasting
  9334 | D:6      | Reached skill level 7 in Fire Magic
  9903 | D:7      | Noticed Menkaure
  9906 | D:7      | Reached XP level 9. HP: 54/58 MP: 14/21
  9910 | D:7      | Reached skill level 5 in Conjurations
  9914 | D:7      | Killed Menkaure
 10040 | D:7      | Learned a level 5 spell: Fireball
 10896 | D:7      | Reached skill level 8 in Fire Magic
 12923 | D:9      | Reached skill level 9 in Fire Magic
 12923 | D:9      | Reached XP level 10. HP: 54/64 MP: 10/24
 13045 | D:9      | Found a staircase to the Lair.
 14034 | D:9      | Got a faintly glowing ring mail
 14269 | D:10     | Entered Level 10 of the Dungeon
 14674 | D:10     | Found a staircase to the Orcish Mines.
 14693 | D:10     | Noticed a hill giant
 14698 | D:10     | Killed a hill giant
 14807 | D:10     | Reached skill level 10 in Fire Magic
 14852 | D:10     | Noticed a hill giant
 14865 | D:10     | Killed a hill giant
 15491 | D:10     | Reached XP level 11. HP: 26/69 MP: 17/27
 16415 | D:11     | Slain by an orc warrior

Action                   |  1- 3 |  4- 6 |  7- 9 | 10-12 || total
-------------------------+-------+-------+-------+-------++-------
Melee: Unarmed           |    31 |       |       |       ||    31
       Rapier            |     6 |    46 |    12 |       ||    64
       Great sword       |       |       |    55 |    47 ||   102
       Dagger            |       |       |    15 |       ||    15
       Hand axe          |       |       |    68 |    27 ||    95
 Fire: Blowgun           |       |       |    10 |     5 ||    15
Throw: Throwing net      |       |     2 |       |       ||     2
 Cast: Flame Tongue      |    72 |   179 |   331 |   140 ||   722
       Conjure Flame     |       |     6 |    14 |    12 ||    32
       Throw Flame       |       |     2 |    28 |     9 ||    39
       Sticky Flame      |       |     1 |    20 |    41 ||    62
       Inner Flame       |       |       |     3 |     5 ||     8
       Fireball          |       |       |       |     2 ||     2
Evoke: Wand              |       |       |     5 |       ||     5
  Use: Scroll            |       |     2 |     1 |       ||     3
 Stab: Sleeping          |       |       |     1 |     2 ||     3
       Distracted        |       |       |       |     1 ||     1
